 Dungeon Crawl Stone Soup version 0.23-a0-650-ga4d50d4 (console) character file.

74 bli the Chopper (level 4, 0/35 HPs)
             Began as a Formicid Abyssal Knight on Jan 4, 2019.
             Was a Follower of Lugonu.
             Slain by a worm (10 damage)
             ... on level 2 of the Dungeon.
             The game lasted 00:04:22 (1274 turns).

bli the Chopper (Formicid Abyssal Knight)           Turns: 1274, Time: 00:04:22

Health: 0/35       AC:  3    Str: 17    XL:     4   Next: 52%
Magic:  5/5        EV: 11    Int: 11    God:    Lugonu [*.....]
Gold:   42         SH:  0    Dex: 11    Spells: 3/3 levels left

rFire    . . .     SeeInvis +   a - +1 hand axe
rCold    . . .     Gourm    .   (no shield)
rNeg     . . .     Faith    .   b - +0 leather armour
rPois    .         Spirit   .   (helmet unavailable)
rElec    .         Reflect  .   (no cloak)
rCorr    .         Harm     .   (no gloves)
MR       .....                  (no boots)
Stlth    +.........             (no amulet)
HPRegen  0.11/turn              (no ring)
MPRegen  0.09/turn              (no ring)

@: no status effects
A: permanent stasis, dig shafts and tunnels, four strong arms, antennae 3
a: Dig, Shaft Self, Depart the Abyss, Renounce Religion


You were on level 2 of the Dungeon.
You worshipped Lugonu.
Lugonu was aware of your devotion.
You were not hungry.

You visited 1 branch of the dungeon, and saw 2 of its levels.
You visited the Abyss 1 time.

You collected 42 gold pieces.

Inventory:

Hand Weapons
 a - a +1 hand axe (weapon)
 e - a +0 whip
 k - a +0 mace
 q - a +0 quarterstaff
 s - a +0 dagger of venom
Missiles
 m - 25 stones (quivered)
Armour
 b - a +0 leather armour (worn)
 n - a +0 ring mail
Scrolls
 f - a scroll of fog {unknown}
 g - a scroll of teleportation {unknown}
 i - 2 scrolls of enchant armour {unknown}
 j - a scroll of magic mapping {unknown}
 o - 2 scrolls of amnesia {unknown}
Potions
 d - a potion of flight {unknown}
 h - a potion of curing
 l - a potion of might {unknown}
 p - a potion of brilliance {unknown}
Comestibles
 c - 4 rations
 r - 2 chunks of flesh


   Skills:
 + Level 3.3 Fighting
 + Level 4.4 Axes
 - Level 2.1 Armour
 - Level 0.8 Dodging
 - Level 2.1 Invocations


You had 3 spell levels left.
You didn't know any spells.
Your spell library was empty.

Dungeon Overview and Level Annotations

Branches:
Dungeon (2/15)

Altars:


Innate Abilities, Weirdness & Mutations

You cannot be hasted, slowed, berserked, paralysed or teleported.
You can dig through walls and to a lower floor.
Your four strong arms can wield two-handed weapons with a shield.
You have a pair of large antennae on your head. (SInv)


Message History

You throw a stone. The stone hits the worm.
The worm is lightly wounded.
You hit the worm.
The worm is moderately wounded.
The worm misses you.
You hit the worm.
The worm is moderately wounded.
You hit the worm.
The worm is severely wounded.
The worm bites you!
You completely miss the worm.
The worm is heavily wounded.
The worm bites you!
* * * LOW HITPOINT WARNING * * *
You hit the worm.
The worm is severely wounded.
You hit the worm.
The worm is almost dead.
The worm bites you!
You die...

#.##.####### #
#.##.#......
#.##.##.#.#####
#.#..##.#.# #
######.#..##.#.# # ###
.........##.#.#####
...(..................
#.#(###.#............
#.......#<.##.#.#####
######w#####..##.#.# #
........@.........#.#
#
.######.#####..####.#
# #.# #..# #.# # #.#
#..# #.# # ..# #..#
#.# # .....
#..####.#####
^..###.#.....#......
................####
..###.#....÷...<...
#.#####.†...#.# #
#....#†...#.#


You could see a worm.

Vanquished Creatures
  Jessica (D:2)
  An adder (D:2)
  An ooze (D:1)
  A worm (D:2)
  A leopard gecko (D:1)
  4 goblins
  3 hobgoblins (D:1)
  10 kobolds
  A ball python (D:2)
  3 bats (D:1)
  2 frilled lizards (D:1)
  4 rats
32 creatures vanquished.

Vanquished Creatures (others)
  2 starspawn tentacles (Abyss:1)
2 creatures vanquished.

Grand Total: 34 creatures vanquished

Notes
Turn   | Place    | Note
-------+----------+-------------------------------------------
     0 | Abyss:1  | bli the Formicid Abyssal Knight began the quest for the
                  | Orb.
     0 | Abyss:1  | Reached XP level 1. HP: 18/18 MP: 2/2
     5 | Abyss:1  | Found a corrupted altar of Lugonu.
    53 | Abyss:1  | Noticed a tentacled starspawn
    55 | Abyss:1  | Noticed a yak
    78 | Abyss:1  | Noticed an orb spider
    78 | Abyss:1  | a yak changed into an orb spider
    79 | Abyss:1  | Noticed a yaktaur
    79 | Abyss:1  | an orb spider changed into a yaktaur
    80 | D:1      | Escaped the Abyss
   136 | D:1      | Reached XP level 2. HP: 19/24 MP: 3/3
   317 | D:1      | Reached skill level 3 in Axes
   399 | D:1      | Reached * piety under Lugonu
   429 | D:1      | Reached XP level 3. HP: 14/29 MP: 4/4
   882 | D:2      | Noticed Jessica
   910 | D:2      | Killed Jessica
   910 | D:2      | Reached skill level 4 in Axes
   910 | D:2      | Reached XP level 4. HP: 3/35 MP: 5/5
  1274 | D:2      | Slain by a worm

Vault maps used:
D:1:      dpeg_arrival_short_road, corexii_leaking_fountain
D:2:      minmay_fractal_squares_gapless_5, uniq_crazy_yiuf_cottage,
          uniq_jessica

Skill      XL: |  1  2  3 |
---------------+----------+-----
Axes           | 3 4 |  4.4
Fighting       | |  3.3
Armour         | |  2.1
Dodging        | |  0.8
Invocations    | |  2.1

Action                   |  1- 3 |  4- 6 || total
-------------------------+-------+-------++-------
Melee: Hand axe          |    90 |    21 ||   111
Throw: Stone             |     2 |    15 ||    17
Invok: Depart the Abyss  |     1 |       ||     1
 Abil: Dig               |     1 |       ||     1
  Use: Potion            |     1 |       ||     1
  Eat: Chunk             |       |     1 ||     1
Armor: Leather armour    |    29 |     2 ||    31
Dodge: Dodged            |    50 |    10 ||    60

Table legend:
 A = Non-vault XP
 B = Vault XP
 C = Vault XP percentage of total XP
 D = Non-vault monster count
 E = Vault monster count
 F = Vault count percentage of total count
                 A         B        C        D         E       F
            +---------+---------+-------+---------+---------+-------
      Total |      69 |      37 |  34.9 |      31 |       1 |   3.1
            +---------+---------+-------+---------+---------+-------
        D:1 |      38 |       0 |   0.0 |      20 |       0 |   0.0
        D:2 |      31 |      37 |  54.4 |      11 |       1 |   8.3
            +---------+---------+-------+---------+---------+-------
